Map: Dead of Night

Players

ghost

  • Race: Protoss Protoss
  • Spawn Location: 0:00

NamroodTuo

  • Race: Terran Terran

VOD

Have the link to the VOD?

Description

Time

  • Played on: June 7, 2023, 5 p.m.
  • Length: 25:33
Show
View Real Time Build Order
Export as new Build Order

ghost Protoss 

Build Orders:  

Get SALT Encoding   

  12  0:03  Probe (Chrono Boost)  
  13  0:17  Probe (Chrono Boost)  
  14  0:31  Probe (Chrono Boost)  
  15  0:45  Probe (Chrono Boost)  
  16  0:59  Probe (Chrono Boost)  
  17  1:12  Probe (Chrono Boost)  
  17  1:15  Xel'Naga Passageway  
  18  1:26  Probe (Chrono Boost)  
  19  1:40  Probe (Chrono Boost)  
  20  1:54  Probe (Chrono Boost)  
  21  2:08  Probe (Chrono Boost)  
  22  2:22  Probe (Chrono Boost)  
  23  2:34  Core Forge  
  23  2:36  Probe (Chrono Boost)  
  24  2:42  Xel'Naga Ambusher  
  26  2:50  Probe (Chrono Boost)  
  27  3:03  Probe (Chrono Boost), Xel'Naga Ambusher  
  30  3:17  Probe (Chrono Boost)  
  31  3:31  Probe (Chrono Boost)  
  31  3:35  Tesseract Cannon  
  31  3:39  Tesseract Cannon  
  32  3:45  Probe (Chrono Boost)  
  33  3:51  Tesseract Cannon  
  33  3:59  Probe (Chrono Boost)  
  34  4:15  Tesseract Cannon  
  34  4:25  Constructs Facility  
  34  4:31  Constructs Facility  
  34  5:32  Xel'Naga Shieldguard  
  35  5:50  Xel'Naga Shieldguard  
  36  6:15  Xel'Naga Enforcer x2  
  44  8:28  Xel'Naga Enforcer  
  44  8:29  Xel'Naga Enforcer  
  52  8:56  Xel'Naga Enforcer  
  56  9:54  Xel'Naga Enforcer  
  56  9:55  Xel'Naga Enforcer  
  64  12:44  Tesseract Cannon  
  64  12:47  Tesseract Cannon  
  64  12:51  Tesseract Cannon  
  64  12:54  Tesseract Cannon  
  64  13:03  Tesseract Cannon  
  64  13:05  Tesseract Cannon  
  64  13:09  Tesseract Cannon  
  64  13:11  Tesseract Cannon  
  64  13:13  Tesseract Cannon  
  64  13:16  Tesseract Cannon  
  64  15:11  Xel'Naga Enforcer x2  
  72  15:39  Xel'Naga Enforcer  
  76  19:48  Serdath Legion  
  76  20:57  Xel'Naga Enforcer x2  
  84  21:24  Xel'Naga Enforcer x2  
  92  21:51  Xel'Naga Enforcer  
  92  21:52  Xel'Naga Enforcer  
  100  24:01  Serdath Legion  
Show
View Real Time Build Order
Export as new Build Order

NamroodTuo Terran 

Build Orders:  

Get SALT Encoding   

  12  0:03  SCV  
  13  0:20  SCV  
  13  0:26  Refinery  
  14  0:37  SCV  
  15  0:46  Refinery  
  15  0:54  SCV  
  16  1:05  Refinery  
  16  1:11  SCV  
  17  1:28  SCV  
  18  1:45  SCV  
  19  2:02  SCV  
  19  2:07  Engineering Bay  
  20  2:17  Engineering Bay  
  20  2:19  SCV  
  21  2:37  SCV  
  22  2:54  SCV  
  23  3:01  Tychus  
  23  3:08  Outlaw Weapons Level 1  
  23  3:11  Outlaw Life and Armor Level 1  
  23  3:19  SCV  
  24  3:29  Gunslingers Hideout  
  24  3:36  SCV  
  25  3:53  SCV  
  26  4:10  SCV  
  27  4:26  Auto-Turret  
  27  4:27  SCV  
  27  4:29  Auto-Turret  
  28  4:43  SCV  
  29  5:00  SCV  
  29  5:01  Auto-Turret  
  30  5:15  Outlaw Weapons Level 2  
  30  5:17  SCV  
  31  5:29  Outlaw Life and Armor Level 2  
  31  5:34  SCV  
  32  5:50  Auto-Turret  
  32  5:51  SCV  
  33  6:08  SCV  
  34  6:34  James Sirius Sykes  
  44  6:46  SCV  
  45  7:04  Auto-Turret  
  45  7:12  SCV  
  46  7:29  SCV  
  47  7:34  Auto-Turret  
  47  7:35  ITC-E Triggers  
  47  7:46  SCV  
  48  8:03  SCV  
  49  8:20  SCV  
  50  8:31  Muscle Armory  
  50  8:37  SCV  
  51  8:54  SCV  
  52  9:11  SCV  
  52  9:13  Outlaw Weapons Level 3  
  52  9:15  Outlaw Life and Armor Level 3  
  53  9:23  Rob Cannonball Boswell  
  53  9:29  Auto-Turret  
  63  11:55  Outlaw Weapons Level 4  
  63  11:57  Outlaw Life and Armor Level 4  
  63  12:14  Fixers Safehouse  
  63  12:19  Kev Rattlesnake West  
  73  12:39  Auto-Turret  
  73  13:06  Auto-Turret  
  73  13:31  Secret Stash Stimpack  
  73  13:38  D99 Detonator  
  73  13:43  Moebius M34 Terror Rounds  
  73  13:52  Auto-Turret  
  73  13:58  Auto-Turret  
  73  14:55  Flashforce GDM Visor  
  73  14:57  Endurance Supplements  
  73  15:40  Vega  
  83  16:25  Outlaw Weapons Level 5  
  83  16:27  Outlaw Life and Armor Level 5  
  83  18:23  Auto-Turret  
  83  18:26  Auto-Turret  
  83  18:49  Auto-Turret x2  
  83  18:52  Auto-Turret  
  83  18:59  Auto-Turret  
  83  19:16  Auto-Turret  
  83  19:17  Auto-Turret  
  83  19:18  Auto-Turret  
  83  19:26  Auto-Turret  
  83  19:46  Auto-Turret  
  73  19:52  Auto-Turret  
  63  20:18  Medivac Platform  
  63  20:19  Auto-Turret  
  63  20:23  Medivac Platform  
  83  21:44  Big Red Button  
  83  21:46  SA-55 Thunderbolt Missiles  
  83  21:47  Kel-Morian Ripper Rounds, Vanadium Shell  
  83  21:50  Neural Disruption Device, Psi Projector  
  83  22:08  Auto-Turret  
  83  22:34  Auto-Turret  
Tags
 
Commander
TychusZeratul
Matchup
Co-op
Replay Pack
Multiplayer
Add a new tag
Caveats
  • Supply blocks, unpowered buildings, or Contaminate may cause inaccurate times.
  • Supply counts are checked every 10 seconds.